| TOP OF THE 1ST |
|
Kane County Cougars batting - Pitching for South Bend Cubs : RHP Nicolai Volnov
|
|
Pitching: RHP Nicolai Volnov
|
|
|
Batting: RHB Ernesto Zamora
|
0-0: Called Strike 0-1: Ball 1-1: Called Strike 1-2: Ball 2-2: Ball 3-2: Strikes out swinging
|
|
Batting: RHB Paul Schreiber
|
0-0: Ball 1-0: SINGLE (Groundball, 6D, EV 101.2 MPH)
|
|
Batting: SHB Evan Armagost
|
0-0: Ball 1-0: Foul Ball, location: 2F 1-1: Ball 2-1: Ball 3-1: Base on Balls Paul Schreiber to second
|
|
Batting: RHB Steve Machol
|
0-0: Ball 1-0: Ball 2-0: Foul Ball, location: 2F 2-1: Fielders Choice at 2nd, 5-4 (Groundball, 56, EV 87.5 MPH) Paul Schreiber to third
|
|
Batting: RHB Chad Mendoza
|
0-0: Ball 1-0: Ball Wild Pitch! Paul Schreiber scores Steve Machol to second 2-0: Ball 3-0: Base on Balls
|
|
Batting: RHB Larry Hardman
|
0-0: Ball 1-0: Foul Ball, location: 2F 1-1: Ball 2-1: Foul Ball, location: 2F 2-2: Fielders Choice at 2nd, 6-4 (Groundball, 6, EV 84.4 MPH)
|
| Top of the 1st over - 1 run, 1 hit, 0 errors, 2 left on base; Kane County 1 - South Bend 0 |
| BOTTOM OF THE 1ST |
|
South Bend Cubs batting - Pitching for Kane County Cougars : LHP Ryan Cole
|
|
Pitching: LHP Ryan Cole
|
|
|
Batting: RHB Rich Thurman
|
0-0: Ball 1-0: Ball 2-0: Ball 3-0: Base on Balls
|
|
Batting: RHB Puluke Konane
|
0-0: Called Strike Rich Thurman steals 2nd, throwing error, E2 Rich Thurman to third 0-1: Foul Ball, location: 2F 0-2: Foul Ball, location: 2F 0-2: Ball 1-2: Ball 2-2: Ball 3-2: Foul Ball, location: 2F 3-2: Base on Balls
|
|
Batting: RHB Mike Savage
|
0-0: Called Strike 0-1: Ball 1-1: Swinging Strike 1-2: Foul Ball, location: 2F 1-2: Strikes out looking Puluke Konane steals 2nd base (no throw) Batter strikes out.
|
|
Batting: RHB Leonardo Nava
|
0-0: Fly out, F8 (Line Drive, 89M, EV 95.0 MPH) Runner from 3rd tags up, SCORES, no throw by CF
|
|
Batting: LHB Kwang-chih Men
|
0-0: Swinging Strike 0-1: Foul Ball, location: 2F 0-2: Ball 1-2: Ball 2-2: Ball 3-2: DOUBLE (Line Drive, 78D, EV 101.2 MPH) Puluke Konane scores
|
|
Batting: SHB Gabriel Cruz
|
0-0: Ball 1-0: Called Strike 1-1: Swinging Strike 1-2: Ball Passed Ball! Kwang-chih Men to third 2-2: Foul Ball, location: 2F 2-2: Strikes out swinging, 2-3 out at first.
|
| Bottom of the 1st over - 2 runs, 1 hit, 1 error, 1 left on base; Kane County 1 - South Bend 2 |
| TOP OF THE 2ND |
|
Kane County Cougars batting - Pitching for South Bend Cubs : RHP Nicolai Volnov
|
|
Batting: LHB Jeff Harmon
|
0-0: Foul Ball, location: 2F 0-1: Foul Ball, location: 2F 0-2: Foul Ball, location: 2F 0-2: Ball 1-2: Strikes out looking
|
|
Batting: RHB Sergio Manzanero
|
0-0: Ground out 5-3 (Groundball, 5L, EV 103.1 MPH)
|
|
Batting: LHB Enrique Ponce
|
0-0: Called Strike 0-1: Ball 1-1: Ball 2-1: Called Strike 2-2: Ball 3-2: Base on Balls
|
|
Batting: RHB Ernesto Zamora
|
0-0: Ball 1-0: Ball 2-0: Swinging Strike 2-1: Called Strike 2-2: Foul Ball, location: 2F 2-2: Strikes out swinging
|
| Top of the 2nd over - 0 runs, 0 hits, 0 errors, 1 left on base; Kane County 1 - South Bend 2 |
| BOTTOM OF THE 2ND |
|
South Bend Cubs batting - Pitching for Kane County Cougars : LHP Ryan Cole
|
|
Batting: RHB Armando Vilano
|
0-0: Foul Ball, location: 2F 0-1: Ball 1-1: Ball 2-1: Ball 3-1: Foul Ball, location: 2F 3-2: Foul Ball, location: 2F 3-2: Base on Balls
|
|
Batting: RHB Jonathan Sotelo
|
0-0: Swinging Strike 0-1: Ball 1-1: Ball 2-1: Fly out, F9 (Line Drive, 9S, EV 94.4 MPH)
|
|
Batting: LHB Mark Huey
|
0-0: Ball 1-0: Foul Ball, location: 2F 1-1: Swinging Strike 1-2: Strikes out looking
|
|
Batting: RHB Rich Thurman
|
0-0: Called Strike 0-1: Called Strike 0-2: Ball 1-2: Ball 2-2: Strikes out swinging
|
| Bottom of the 2nd over - 0 runs, 0 hits, 0 errors, 1 left on base; Kane County 1 - South Bend 2 |
| TOP OF THE 3RD |
|
Kane County Cougars batting - Pitching for South Bend Cubs : RHP Nicolai Volnov
|
|
Batting: RHB Paul Schreiber
|
0-0: Ball 1-0: Ball 2-0: Called Strike 2-1: SINGLE (Groundball, 6S, EV 68.1 MPH) (infield hit)
|
|
Batting: SHB Evan Armagost
|
0-0: Called Strike 0-1: Swinging Strike 0-2: Strikes out swinging
|
|
Batting: RHB Steve Machol
|
0-0: Called Strike 0-1: Grounds into double play, 6-4-3 (Groundball, 6, EV 80.6 MPH)
|
| Top of the 3rd over - 0 runs, 1 hit, 0 errors, 0 left on base; Kane County 1 - South Bend 2 |
| BOTTOM OF THE 3RD |
|
South Bend Cubs batting - Pitching for Kane County Cougars : LHP Ryan Cole
|
|
Batting: RHB Puluke Konane
|
0-0: Ball 1-0: Called Strike 1-1: Ball 2-1: Fly out, F8 (Flyball, 8LM, EV 86.9 MPH)
|
|
Batting: RHB Mike Savage
|
0-0: Ball 1-0: Called Strike 1-1: Ball 2-1: Ground out 4-3 (Groundball, 4, EV 85.6 MPH)
|
|
Batting: RHB Leonardo Nava
|
0-0: Ball 1-0: DOUBLE (Line Drive, 89XD, EV 104.4 MPH)
|
|
Batting: LHB Kwang-chih Men
|
0-0: Ball 1-0: Fly out, F8 (Line Drive, 8RD, EV 92.5 MPH)
|
| Bottom of the 3rd over - 0 runs, 1 hit, 0 errors, 1 left on base; Kane County 1 - South Bend 2 |
| TOP OF THE 4TH |
|
Kane County Cougars batting - Pitching for South Bend Cubs : RHP Nicolai Volnov
|
|
Batting: RHB Chad Mendoza
|
0-0: Ball 1-0: Swinging Strike 1-1: Ball 2-1: Swinging Strike 2-2: Foul Ball, location: 2F 2-2: Foul Ball, location: 2F 2-2: Ball 3-2: Base on Balls
|
|
Batting: RHB Larry Hardman
|
0-0: Ball 1-0: Ball 2-0: Foul Ball, location: 2F 2-1: Ball 3-1: Base on Balls Chad Mendoza to second
|
|
Batting: LHB Jeff Harmon
|
0-0: Swinging Strike 0-1: Foul Ball, location: 2F 0-2: Foul Ball, location: 2F 0-2: Strikes out looking
|
|
Batting: RHB Sergio Manzanero
|
0-0: Called Strike 0-1: Ball 1-1: Ball 2-1: Fielders Choice at 2nd, 3-6 (Groundball, 3, EV 84.4 MPH) Chad Mendoza to third
|
|
Batting: LHB Enrique Ponce
|
0-0: Called Strike 0-1: Foul Ball, location: 2F 0-2: Ball 1-2: Strikes out swinging
|
| Top of the 4th over - 0 runs, 0 hits, 0 errors, 2 left on base; Kane County 1 - South Bend 2 |
| BOTTOM OF THE 4TH |
|
South Bend Cubs batting - Pitching for Kane County Cougars : LHP Ryan Cole
|
|
Batting: SHB Gabriel Cruz
|
0-0: Ball 1-0: Foul Ball, location: 2F 1-1: Foul Ball, location: 2F 1-2: Ground out 4-3 (Groundball, 4M, EV 81.2 MPH)
|
|
Batting: RHB Armando Vilano
|
0-0: Called Strike 0-1: DOUBLE (Line Drive, 78M, EV 102.5 MPH)
|
|
Batting: RHB Jonathan Sotelo
|
0-0: Ball 1-0: Ground out 4-3 (Groundball, 4, EV 103.1 MPH) Armando Vilano to third
|
|
Batting: LHB Mark Huey
|
0-0: Ball 1-0: Fly out, F9 (Flyball, 9D, EV 90.0 MPH)
|
| Bottom of the 4th over - 0 runs, 1 hit, 0 errors, 1 left on base; Kane County 1 - South Bend 2 |
| TOP OF THE 5TH |
|
Kane County Cougars batting - Pitching for South Bend Cubs : RHP Nicolai Volnov
|
|
Pitching: RHP Jake Newman
|
|
|
Batting: RHB Ernesto Zamora
|
0-0: Called Strike 0-1: Fly out, F8 (Flyball, 8RD, EV 98.1 MPH)
|
|
Batting: RHB Paul Schreiber
|
0-0: Ball 1-0: Ball 2-0: DOUBLE (Line Drive, 89D, EV 105.0 MPH)
|
|
Batting: SHB Evan Armagost
|
0-0: Ball 1-0: Ball 2-0: Ball 3-0: Foul Ball, location: 2F 3-1: Base on Balls
|
|
Batting: RHB Steve Machol
|
0-0: Called Strike 0-1: Ball 1-1: Foul Ball, location: 2F 1-2: Ball 2-2: Fly out, F5 (Line Drive, 56, EV 66.9 MPH)
|
|
Batting: RHB Chad Mendoza
|
0-0: Ball 1-0: Ball Wild Pitch! Paul Schreiber to third Evan Armagost to second 2-0: Called Strike 2-1: Called Strike 2-2: Ball 3-2: Strikes out swinging
|
| Top of the 5th over - 0 runs, 1 hit, 0 errors, 2 left on base; Kane County 1 - South Bend 2 |
| BOTTOM OF THE 5TH |
|
South Bend Cubs batting - Pitching for Kane County Cougars : LHP Ryan Cole
|
|
Batting: RHB Rich Thurman
|
0-0: Called Strike 0-1: SINGLE (Groundball, 6MD, EV 106.2 MPH)
|
|
Pitching: LHP Afanasy Apatenko
|
|
|
Batting: RHB Puluke Konane
|
0-0: Ball 1-0: Ball 2-0: Ball Rich Thurman steals 2nd base 3-0: Called Strike 3-1: Called Strike 3-2: Ground out 3-1 (Groundball, 34, EV 106.2 MPH) Rich Thurman to third
|
|
Batting: RHB Mike Savage
|
0-0: Called Strike 0-1: Swinging Strike 0-2: Ball 1-2: Foul Ball, location: 2F 1-2: Strikes out swinging
|
|
Batting: RHB Leonardo Nava
|
0-0: Called Strike 0-1: Ball 1-1: Swinging Strike 1-2: SINGLE (Groundball, 56D, EV 110.0 MPH) Rich Thurman scores
|
|
Batting: LHB Kwang-chih Men
|
0-0: Called Strike 0-1: Swinging Strike 0-2: Foul Ball, location: 2F 0-2: Strikes out swinging
|
| Bottom of the 5th over - 1 run, 2 hits, 0 errors, 1 left on base; Kane County 1 - South Bend 3 |
| TOP OF THE 6TH |
|
Kane County Cougars batting - Pitching for South Bend Cubs : RHP Jake Newman
|
|
Batting: RHB Larry Hardman
|
0-0: Ball 1-0: Ball 2-0: Ball 3-0: Base on Balls
|
|
Batting: LHB Jeff Harmon
|
0-0: Foul Ball, location: 2F 0-1: Fielders Choice at 2nd, 4-6 (Groundball, 4, EV 88.8 MPH)
|
|
Batting: RHB Sergio Manzanero
|
0-0: Ball 1-0: Called Strike 1-1: Ball 2-1: Called Strike 2-2: Ball 3-2: Fly out, F9 (Flyball, 89M, EV 93.8 MPH)
|
|
Batting: LHB Enrique Ponce
|
0-0: Foul Ball, location: 2F 0-1: Ball 1-1: Swinging Strike 1-2: Ball 2-2: Ball 3-2: Base on Balls Jeff Harmon to second
|
|
Pitching: LHP Alex Gandarilla
|
|
|
Batting: RHB Ernesto Zamora
|
0-0: Fly out, F8 (Flyball, 8RS, EV 79.4 MPH)
|
| Top of the 6th over - 0 runs, 0 hits, 0 errors, 2 left on base; Kane County 1 - South Bend 3 |
| BOTTOM OF THE 6TH |
|
South Bend Cubs batting - Pitching for Kane County Cougars : LHP Afanasy Apatenko
|
|
Batting: SHB Gabriel Cruz
|
0-0: Ball 1-0: Called Strike 1-1: Ball 2-1: Foul Ball, location: 2F 2-2: Ball 3-2: Reached on error, E4 (Groundball, 4S, EV 92.5 MPH)
|
|
Batting: RHB Armando Vilano
|
0-0: Ball 1-0: Called Strike Gabriel Cruz steals 2nd base (no throw) 1-1: Called Strike 1-2: SINGLE (Groundball, 56D, EV 107.5 MPH) Gabriel Cruz to third
|
|
Batting: RHB Jonathan Sotelo
|
0-0: Fielders Choice at 2nd, 3-6 (Groundball, 3, EV 98.8 MPH) Gabriel Cruz scores
|
|
Batting: LHB Mark Huey
|
0-0: Called Strike Jonathan Sotelo steals 2nd base 0-1: Called Strike 0-2: Ball 1-2: Ball 2-2: Ground out U3 (Groundball, 34, EV 87.5 MPH) Jonathan Sotelo to third
|
|
Batting: RHB Rich Thurman
|
0-0: Ball 1-0: Called Strike 1-1: Called Strike 1-2: Ball 2-2: Ground out 6-3 (Groundball, 6, EV 95.6 MPH)
|
| Bottom of the 6th over - 1 run, 1 hit, 1 error, 1 left on base; Kane County 1 - South Bend 4 |
| TOP OF THE 7TH |
|
Kane County Cougars batting - Pitching for South Bend Cubs : LHP Alex Gandarilla
|
|
Batting: RHB Paul Schreiber
|
0-0: Foul Ball, location: 2F 0-1: Ball 1-1: DOUBLE (Line Drive, 9LM, EV 100.6 MPH)
|
|
Batting: SHB Evan Armagost
|
0-0: Called Strike 0-1: Ball 1-1: Foul Ball, location: 2F 1-2: Strikes out swinging
|
|
Batting: RHB Steve Machol
|
0-0: Swinging Strike 0-1: Ball 1-1: SINGLE (Line Drive, 7LM, EV 107.5 MPH) Paul Schreiber to third
|
|
Batting: RHB Chad Mendoza
|
0-0: Ball 1-0: Called Strike 1-1: Called Strike 1-2: Grounds into double play, 6-4-3 (Groundball, 6, EV 79.4 MPH)
|
| Top of the 7th over - 0 runs, 2 hits, 0 errors, 1 left on base; Kane County 1 - South Bend 4 |
| BOTTOM OF THE 7TH |
|
South Bend Cubs batting - Pitching for Kane County Cougars : LHP Afanasy Apatenko
|
|
Pitching: RHP Cody Savastand
|
|
|
Batting: RHB Puluke Konane
|
0-0: Ball 1-0: Ball 2-0: Foul Ball, location: 2F 2-1: Ground out 6-3 (Groundball, 6, EV 104.4 MPH)
|
|
Batting: RHB Mike Savage
|
0-0: Swinging Strike 0-1: Swinging Strike 0-2: Ball 1-2: Strikes out looking
|
|
Batting: RHB Leonardo Nava
|
0-0: Ball 1-0: Ball 2-0: Called Strike 2-1: SINGLE (Groundball, 56D, EV 98.8 MPH)
|
|
Batting: LHB Kwang-chih Men
|
0-0: Ground out 4-3 (Groundball, 4, EV 96.9 MPH)
|
| Bottom of the 7th over - 0 runs, 1 hit, 0 errors, 1 left on base; Kane County 1 - South Bend 4 |
| TOP OF THE 8TH |
|
Kane County Cougars batting - Pitching for South Bend Cubs : LHP Alex Gandarilla
|
|
Batting: RHB Larry Hardman
|
0-0: Called Strike 0-1: Ball 1-1: Called Strike 1-2: Ball 2-2: SINGLE (Line Drive, 8LS, EV 87.5 MPH)
|
|
Batting: LHB Jeff Harmon
|
0-0: Called Strike 0-1: Swinging Strike 0-2: Strikes out swinging
|
|
Batting: RHB Sergio Manzanero
|
0-0: Ball 1-0: Ball 2-0: Ball 3-0: Called Strike 3-1: Foul Ball, location: 2F 3-2: Strikes out swinging
|
|
Batting: LHB Enrique Ponce
|
0-0: Called Strike 0-1: Ground out 1-3 (Groundball, 34S, EV 73.8 MPH)
|
| Top of the 8th over - 0 runs, 1 hit, 0 errors, 1 left on base; Kane County 1 - South Bend 4 |
| BOTTOM OF THE 8TH |
|
South Bend Cubs batting - Pitching for Kane County Cougars : RHP Cody Savastand
|
|
Batting: SHB Gabriel Cruz
|
0-0: Ball 1-0: Ball 2-0: Swinging Strike 2-1: Ball 3-1: Foul Ball, location: 2F 3-2: Base on Balls
|
|
Batting: RHB Armando Vilano
|
0-0: Sac Bunt to 3S - play at first, batter OUT! 3-4 Gabriel Cruz to second
|
|
Batting: RHB Jonathan Sotelo
|
0-0: Ball 1-0: Fly out, F9 (Line Drive, 9, EV 89.4 MPH)
|
|
Batting: LHB Mark Huey
|
0-0: Called Strike 0-1: Ball 1-1: Foul Ball, location: 2F 1-2: Ball 2-2: Strikes out swinging
|
| Bottom of the 8th over - 0 runs, 0 hits, 0 errors, 1 left on base; Kane County 1 - South Bend 4 |
| TOP OF THE 9TH |
|
Kane County Cougars batting - Pitching for South Bend Cubs : LHP Alex Gandarilla
|
|
Pitching: RHP Miles Edwards
|
|
|
Batting: RHB Ernesto Zamora
|
0-0: Ball 1-0: DOUBLE (Line Drive, 9LD, EV 103.8 MPH)
|
|
Batting: RHB Paul Schreiber
|
0-0: Called Strike 0-1: Foul Ball, location: 2F 0-2: Ground out 6-3 (Groundball, 6MD, EV 84.4 MPH) Ernesto Zamora to third
|
|
Batting: SHB Evan Armagost
|
0-0: Ball 1-0: Called Strike 1-1: Swinging Strike 1-2: Ground out U3 (Groundball, 3, EV 88.8 MPH)
|
|
Batting: RHB Steve Machol
|
0-0: Foul Ball, location: 2F 0-1: Ball 1-1: Ball 2-1: Ball 3-1: Foul Ball, location: 2F 3-2: Fly out, F8 (Flyball, 8LD, EV 86.9 MPH)
|
| Top of the 9th over - 0 runs, 1 hit, 0 errors, 1 left on base; Kane County 1 - South Bend 4 |
|